 Dungeon Crawl Stone Soup version 0.30-a0-219-gf2db51d15e (webtiles) character file.

Game seed: 8526312990295953450

469 Decritt the Sneak (level 6, -1/30 HPs)
             Began as a Spriggan Enchanter on Oct 7, 2022.
             Was an Initiate of Dithmenos.
             Splashed by a jelly's acid (8 damage)
             ... on level 5 of the Dungeon.
             The game lasted 00:10:05 (4733 turns).

Decritt the Sneak (Spriggan Enchanter)              Turns: 4733, Time: 00:10:06

Health: -1/30      AC: -2    Str:  4    XL:     6   Next: 82%
Magic:  6/13       EV: 19    Int: 18    God:    Dithmenos [......]
Gold:   295        SH:  0    Dex: 18    Spells: 4/13 levels left

rFire   . . .      SeeInvis +    n - +0 dagger (elec)
rCold   . . .      Faith    .    (no shield)
rNeg    . . .      Spirit   .    b - +1 robe
rPois   .          Reflect  .    d - +3 crown of Dyrovepreva {rElec Int+2 SInv}
rElec   +          Harm     .    r - scarf {shadows}
rCorr   .          Rampage  .    (gloves unavailable)
Will    +....                    (boots unavailable)
Stlth   +++.......               (no amulet)
HPRegen 0.25/turn                (no ring)
MPRegen 0.13/turn                (no ring)

@: corroded, very quick
A: very small, no large weapons, unfitting armour, see invisible, speed 3
a: Renounce Religion


You were on level 5 of the Dungeon.
You worshipped Dithmenos.
Dithmenos was noncommittal.
You visited 2 branches of the dungeon, and saw 6 of its levels.

You collected 295 gold pieces.

Inventory:

Hand Weapons
 a - a +1 dagger
 e - a +3 rapier
 n - a +0 dagger of electrocution (weapon)
Missiles
 m - 2 throwing nets (quivered)
Armour
 b - a +1 robe (worn)
 d - the +3 crown of Dyrovepreva (worn) {rElec Int+2 SInv}
   (You acquired it on level 3 of the Dungeon)

   Int:       It affects your intelligence (+2).
   rElec:     It insulates you from electricity.
   SInv:      It lets you see invisible.
 r - a scarf of shadows (worn)
Wands
 i - a wand of digging (6)
Scrolls
 l - a scroll of enchant armour
 o - a scroll of noise
 t - a scroll of teleportation
Potions
 c - 2 potions of invisibility
 f - a potion of degeneration
 g - a potion of heal wounds
 h - 2 potions of curing
 j - 4 potions of flight
 k - a potion of lignification
 p - a potion of haste {unknown}
 q - a potion of brilliance {unknown}
 u - 2 potions of might


   Skills:
 + Level 2.1 Fighting
 + Level 3.2 Short Blades
 + Level 4.5 Dodging
 + Level 6.3 Stealth
 + Level 4.4 Spellcasting
 + Level 5.0 Hexes


You had 4 spell levels left.
You knew the following spells:

 Your Spells              Type           Power      Damage    Failure   Level
a - Confusing Touch       Hex            22%        N/A       5%          3
b - Tukima's Dance        Hex            22%        N/A       5%          3
c - Ensorcelled Hibernat  Hex/Ice        26%        N/A       8%          2
d - Apportation           Tloc           6%         N/A       14%         1

Your spell library contained the following spells:

 Spells                   Type           Power      Damage    Failure   Level
 Freeze                   Ice            12%        1d4       14%         1
 Necrotise                Necr           12%        1d4       14%         1
 Summon Small Mammal      Summ           12%        N/A       14%         1
 Dazzling Flash           Conj/Hex       26%        N/A       16%         3
 Frozen Ramparts          Ice            6%         1d1       38%         3
 Gell's Gravitas          Tloc           3%         N/A       38%         3
 Hailstorm                Conj/Ice       3%         3d3       38%         3
 Teleport Other           Tloc           3%         N/A       38%         3
 Dispersal                Tloc           1%         N/A       100%        6


Dungeon Overview and Level Annotations

Branches:
Dungeon (5/15)             Temple (1/1) D:5

Altars:
Dithmenos
Elyvilon
Gozag
Hepliaklqana
Nemelex Xobeh
Okawaru
Qazlal
Ru
Sif Muna
Trog
Uskayaw
Vehumet
Wu Jian
Zin
The Shining One


Innate Abilities, Weirdness & Mutations

You are very small and have problems with some larger weapons.
You are too small for most types of armour.
You have supernaturally acute eyesight. (SInv)
You cover ground extremely quickly. (Speed+++)


Message History

The jelly is lightly wounded.
The jelly completely misses you.
You hit the jelly but do no damage.
Your hands burn!
The jelly is lightly wounded.
The jelly hits you but does no damage.
You barely miss the jelly.
The jelly is lightly wounded.
The jelly completely misses you.
Casting: Ensorcelled Hibernation (safe; 8% risk of failure)
Confirm with . or Enter, or press ? or * to list all spells.
Aiming: Ensorcelled Hibernation (safe; 8% risk of failure)
Press: ? - help, Shift-Dir - straight line, f - jelly
Aim: a jelly (lightly wounded, chance to affect: 55%)
The jelly resists with significant effort.
The jelly closely misses you.
Casting: Ensorcelled Hibernation (safe; 8% risk of failure)
Confirm with . or Enter, or press ? or * to list all spells.
Aiming: Ensorcelled Hibernation (safe; 8% risk of failure)
Press: ? - help, Shift-Dir - straight line, f/p - jelly
Aim: a jelly (lightly wounded, chance to affect: 55%)
The jelly resists with significant effort.
The jelly hits you.
You are splashed with acid!
* * * LOW HITPOINT WARNING * * *
Casting: Ensorcelled Hibernation (safe; 8% risk of failure)
Confirm with . or Enter, or press ? or * to list all spells.
Aiming: Ensorcelled Hibernation (safe; 8% risk of failure)
Press: ? - help, Shift-Dir - straight line, f/p - jelly
Aim: a jelly (lightly wounded, chance to affect: 55%)
The jelly resists with significant effort.
Casting: Ensorcelled Hibernation (safe; 8% risk of failure)
Confirm with . or Enter, or press ? or * to list all spells.
Aiming: Ensorcelled Hibernation (safe; 8% risk of failure)
Press: ? - help, Shift-Dir - straight line, f/p - jelly
Aim: a jelly (lightly wounded, chance to affect: 55%)
The jelly looks drowsy...
The jelly quivers.
The jelly hits you.
* * * LOW HITPOINT WARNING * * *
The acid corrodes you!
You are splashed with acid!
You die...

#.# .# #.####
.#########.# .# #.######
.........#.##.# #......#
#.......#.#....# ######.#
#.#.#.#.#.####### #.#
#.......#.......# ####.#
..#.#.#.#.#####(# #....#
.[......#.####..####.##.#
..#.#.#.@....#...........
#......J#.##.........≈≈.≈
######.##.##.##....≈≈≈≈.≈
#.##.##. #..≈≈≈≈≈≈.≈
#.##.## #.≈≈≈≈≈≈≈.≈
#.#..# #.≈≈≈≈≈≈... #.#.##
#.≈≈≈≈≈≈.>. #†#
..≈≈≈≈≈≈... .>.
#...≈≈≈≈≈≈≈≈


You could see a jelly.

Vanquished Creatures
  A necrophage (D:4)
  A scorpion (D:5)
  2 hounds (D:4)
  2 iguanas (D:4)
  6 gnolls
  8 adders
  An ufetubus (D:4)
  A worm (D:3)
  6 dart slugs
  4 orcs (D:3)
  4 ball pythons
  6 bats
  8 endoplasms
  7 giant cockroaches
  9 goblins
  5 hobgoblins
  4 jackals
  6 kobolds
  A quokka (D:2)
  2 frilled lizards
  2 rats (D:1)
86 creatures vanquished.

Vanquished Creatures (collateral kills)
  An orc (D:3)
1 creature vanquished.

Vanquished Creatures (others)
  A dancing weapon (D:3)
1 creature vanquished.

Grand Total: 88 creatures vanquished

Notes
Turn   | Place    | Note
-------+----------+-------------------------------------------
     0 | D:1      | Decritt the Spriggan Enchanter began the quest for the Orb.
     0 | D:1      | Reached XP level 1. HP: 9/9 MP: 5/5
   121 | D:1      | Reached XP level 2. HP: 13/13 MP: 6/6
   224 | D:1      | Found a faded altar of an unknown god.
   673 | D:1      | Reached XP level 3. HP: 9/17 MP: 8/8
   985 | D:2      | Found an iron altar of Okawaru.
  1121 | D:2      | Reached skill level 5 in Stealth
  1672 | D:3      | Found a radiant altar of Vehumet.
  1675 | D:3      | Found a hide-covered altar of Uskayaw.
  1690 | D:3      | Found a white marble altar of Elyvilon.
  1690 | D:3      | Found a hazy altar of Hepliaklqana.
  1742 | D:3      | Reached skill level 1 in Fighting
  1742 | D:3      | Reached XP level 4. HP: 22/22 MP: 10/10
  2165 | D:3      | Learned a level 3 spell: Confusing Touch
  2169 | D:3      | Learned a level 3 spell: Tukima's Dance
  2172 | D:3      | Learned a level 2 spell: Ensorcelled Hibernation
  2174 | D:3      | Learned a level 1 spell: Apportation
  2419 | D:3      | Identified a scroll of acquirement
  2424 | D:3      | Acquired the +3 crown of Dyrovepreva {rElec Int+2 SInv}
  2424 | D:3      | Found the +3 crown of Dyrovepreva {rElec Int+2 SInv}
  3137 | D:3      | Reached XP level 5. HP: 25/25 MP: 11/11
  3510 | D:4      | Reached XP level 6. HP: 23/30 MP: 11/13
  3585 | D:4      | Reached skill level 6 in Stealth
  4341 | D:5      | Entered Level 5 of the Dungeon
  4428 | D:5      | Found a staircase to the Ecumenical Temple.
  4448 | Temple   | Entered the Ecumenical Temple
  4464 | Temple   | Became a worshipper of Dithmenos the Shadowed
  4527 | D:5      | Reached skill level 5 in Hexes
  4560 | D:5      | Found an ornate altar of the Wu Jian Council.
  4733 | D:5      | Splashed by a jelly's acid

Illustrated notes

Levels and vault maps discovered:
D:1:      lemuel_arrival_cross, layout_loops_cross,
          chequers_ecumenical_altar_grove
D:2:      layout_loops_ring, basic_altar
D:3:      layout_basic, grunt_temple_overflow_open
D:4:      layout_loops_ring
D:5:      layout_loops_ring, nzn_wu_jian_contemplation, temple_pool_b,
          serial_co_window_serial, co_window_paths_b, co_window_paths_b,
          co_window_corner_a, co_window_corner_a, co_window_corner_a,
          co_window_corner_a, co_window_paths_b, co_window_of_opportunity_b,
          co_window_2corner, co_window_of_opportunity_b,
          co_window_unsneaky_path_a, co_window_unsneaky_path_c,
          co_window_of_opportunity_b, glass_columns_b, glass_columns_b,
          glass_columns_b
Temple:   hellmonk_temple_rainy

Skill      XL: |  1  2  3  4  5  6 |
---------------+-------------------+-----
Dodging        | 3 4 |  4.5
Spellcasting   | 3 4 |  4.4
Hexes          | 4 5 |  5.0
Stealth        | 5 6 |  6.3
Fighting       | 1 2 |  2.1
Short Blades   | 2 3 |  3.2

Action                   |  1- 3 |  4- 6 || total
-------------------------+-------+-------++-------
Melee: Dagger            |   111 |   151 ||   262
       Punch             |     1 |     2 ||     3
       Rapier            |       |    19 ||    19
 Cast: Ensorcelled Hiber |       |    22 ||    22
       Tukima's Dance    |       |     2 ||     2
       Confusing Touch   |       |     1 ||     1
  Use: Scroll            |     3 |    10 ||    13
 Stab: Sleeping          |    11 |    20 ||    31
       Distracted        |       |     1 ||     1
       Confused          |       |     1 ||     1
Armor: Robe              |     8 |    13 ||    21
Dodge: Dodged            |    68 |   141 ||   209

Table legend: (Time is in decaauts)
 A = Elapsed time spent in this place.
 B = Non-inter-level travel time spent in this place.
 C = Inter-level travel time spent in this place.
 D = Time resting spent in this place.
 E = Time spent auto-exploring this place.
 F = Levels seen in this place.
 G = Mean time per level.
                   A        B        C        D        E       F      G
               +--------+--------+--------+--------+--------+-----+--------+
         Total |   3331 |   3213 |    118 |    328 |   2108 |   6 |  555.2 |
       Dungeon |   3313 |   3202 |    111 |    328 |   2102 |   5 |  662.6 |
        Temple |     18 |     11 |      7 |      0 |      6 |   1 |   18.0 |
               +--------+--------+--------+--------+--------+-----+--------+

Top non-repeatable levels by time:
     D:3: 1023 daAuts
     D:4: 820 daAuts
     D:2: 713 daAuts
     D:1: 528 daAuts
     D:5: 227 daAuts
  Temple: 18 daAuts
